Map: Alcyone LE

Players

commandeR - Winner!

  • Race: Protoss Protoss
  • League: Diamond
  • Spawn Location: 7:00

电脑难度(新手)

  • Race: Protoss Protoss
  • Spawn Location: 1:00

VOD

Have the link to the VOD?

Description

Time

  • Played on: Oct. 7, 2024, 5:09 a.m.
  • Length: 5:01
Show
View Real Time Build Order
Export as new Build Order

commandeR Protoss - Winner!

Build Orders:  

Get SALT Encoding   

  12  0:01  Probe  
  13  0:13  Probe  
  14  0:17  Pylon  
  14  0:25  Probe  
  15  0:37  Probe (Chrono Boost)  
  15  0:38  Gateway  
  16  0:49  Probe (Chrono Boost)  
  17  0:50  Assimilator  
  17  0:56  Assimilator  
  17  0:57  Probe (Chrono Boost)  
  18  1:06  Probe  
  19  1:17  Forge  
  19  1:25  Cybernetics Core  
  19  1:33  Pylon  
  19  1:38  Pylon  
  19  1:53  Photon Cannon  
  19  1:58  Stalker (Chrono Boost)  
  21  2:16  Stargate  
  21  2:22  Stalker  
  23  3:03  Void Ray (Chrono Boost)  
  27  3:33  Void Ray (Chrono Boost)  
  35  4:10  Void Ray (Chrono Boost)  
Show
View Real Time Build Order
Export as new Build Order

电脑难度(新手) Protoss 

Build Orders:  

Get SALT Encoding   

  12  0:00  Probe  
  13  0:13  Probe  
  14  0:19  Pylon  
  14  0:36  Assimilator  
  14  0:42  Gateway  
  14  0:45  Pylon  
  14  1:13  Assimilator  
  14  1:22  Probe  
  14  1:29  Zealot  
  14  1:30  Probe  
  17  1:33  Cybernetics Core  
  17  1:38  Probe  
  19  1:49  Probe  
  20  1:59  Probe, Warp Gate  
  21  2:07  Probe  
  22  2:36  Stalker  
  23  3:41  Probe  
  23  3:46  Stalker  
  24  3:53  Pylon  
  24  3:54  Probe  
  22  4:05  Probe  
  20  4:13  Probe  
  20  4:15  Stalker  
  19  4:21  Probe  
  14  4:33  Probe  
  10  4:43  Zealot  
  10  4:45  Probe  
Tags
 
League
Diamond
Matchup
PvP
Spawn Locations
Cross Positions
Add a new tag
Caveats
  • Supply blocks, unpowered buildings, or Contaminate may cause inaccurate times.
  • Supply counts are checked every 10 seconds.